 Dungeon Crawl Stone Soup version 0.29.1-1-gd02db6906a (webtiles) character file.

Game seed: 8390021911042781914

30681 raph the Basher (level 13, -1/119 HPs)
             Began as a Minotaur Berserker on Oct 5, 2022.
             Was an Elder of Trog.
             Succumbed to a black mamba's poison
             ... on level 4 of the Lair of Beasts on Oct 6, 2022.
             The game lasted 00:18:17 (17324 turns).

raph the Basher (Minotaur Berserker)               Turns: 17324, Time: 00:18:17

Health: -1/119     AC: 19    Str: 21    XL:     13   Next: 21%
Magic:  12/12      EV: 28    Int:  4    God:    Trog [****..]
Gold:   563        SH: 10    Dex: 22    Spells: 12/12 levels left

rFire   . . .      SeeInvis .   a - +1 demon whip (venom)
rCold   + . .      Faith    .   n - +2 buckler
rNeg    . . .      Spirit   .   p - +0 plate armour
rPois   .          Reflect  .   (helmet restricted)
rElec   .          Harm     .   k - +2 cloak
rCorr   .          Rampage  .   (no gloves)
Will    .....                   (no boots)
Stlth   ..........              z - amulet of the acrobat
HPRegen 0.29/turn               o - +6 ring of dexterity
MPRegen 0.13/turn               B - ring of protection from cold

@: lethally poisoned (-1 -> -18), on berserk cooldown, acrobatic, slowed, very
slow
A: horns 2, retaliatory headbutt
a: Renounce Religion, Berserk, Trog's Hand, Brothers in Arms


You were on level 4 of the Lair of Beasts.
You worshipped Trog.
Trog was greatly pleased with you.
You visited 2 branches of the dungeon, and saw 13 of its levels.

You collected 563 gold pieces.

Inventory:

Hand Weapons
 a - a +1 demon whip of venom (weapon)
 b - a +6 sling of flaming
 i - a +1 mace of freezing
 H - a +2 vorpal flail
Missiles
 e - 3 javelins
 g - 61 poisoned darts (quivered)
 y - 6 throwing nets
Armour
 k - a +2 cloak (worn)
 n - a +2 buckler (worn)
 p - a +0 plate armour (worn)
Jewellery
 o - a +6 ring of dexterity (left hand)
 z - an amulet of the acrobat (around neck)
 B - a ring of protection from cold (right hand)
 C - a ring of poison resistance
 F - a ring of ice
Wands
 l - a wand of polymorph (9)
 m - a wand of flame (9)
Scrolls
 q - a scroll of summoning
 t - 2 scrolls of brand weapon
 A - a scroll of identify
 I - a scroll of enchant armour
Potions
 c - 3 potions of curing
 d - 2 potions of lignification
 f - 5 potions of flight
 h - 2 potions of ambrosia
 j - a potion of might
 r - 2 potions of brilliance
 s - a potion of mutation
 u - 3 potions of heal wounds
 v - a potion of attraction
 w - a potion of berserk rage
 x - a potion of resistance {unknown}
 D - a potion of experience {unknown}
 E - a potion of cancellation {unknown}
 G - a potion of magic {unknown}


   Skills:
 + Level 12.3 Fighting
 - Level 14.0 Maces & Flails
 + Level 12.1 Armour
 + Level 11.0 Dodging
 + Level 11.0 Shields
 + Level 3.7 Evocations


You had 12 spell levels left.
You didn't know any spells.
Your spell library was empty.

Dungeon Overview and Level Annotations

Branches:
Dungeon (8/15)             Temple (0/1) D:6            Lair (5/5) D:8
  Swamp (0/4) Lair:3       Spider (0/4) Lair:2        Slime (0/5) Lair:5

Altars:
Elyvilon
Fedhas
Makhleb
Nemelex Xobeh
Sif Muna
Trog
Zin
The Shining One

Annotations:
D:3 3 runed translucent doors, MisterFreud's ghost, weakling GnDe; diceflayer's ghost, amateur DsFi
D:5 exclusion: oklob plant
Lair:4 2 transporters, Zaegoraum's ghost, journeyman DsAK


Innate Abilities, Weirdness & Mutations

You have a pair of horns on your head.
You reflexively headbutt those who attack you in melee.


Message History

The elephant is almost dead.
* * * LOW HITPOINT WARNING * * *
You feel very sick.
The komodo dragon bites you but does no damage.
You whack the komodo dragon!
The komodo dragon is poisoned.
The komodo dragon is moderately wounded.
* * * LOW HITPOINT WARNING * * *
You feel sick. The elephant closely misses you.
You block the elephant's attack.
You closely miss the komodo dragon. You headbutt the komodo dragon!
The komodo dragon is heavily wounded.
* * * LOW HITPOINT WARNING * * *
You feel sick.
You hit the elephant.
You kill the elephant!
Trog accepts your kill.
* * * LOW HITPOINT WARNING * * *
You feel sick. You block the komodo dragon's attack.
You whack the komodo dragon!
The komodo dragon looks as sick as possible!
You headbutt the komodo dragon!
You kill the komodo dragon!
Trog accepts your kill.
* * * LOW HITPOINT WARNING * * *
You feel very sick.
* * * LOW HITPOINT WARNING * * *
You feel very sick.
You see here a komodo dragon corpse.
There is a lethal amount of poison in your body!
There is a lethal amount of poison in your body!
There is a lethal amount of poison in your body!
You are too berserk!
There is a lethal amount of poison in your body!
You feel a strong urge to attack something.
* * * LOW HITPOINT WARNING * * *
You feel very sick.
You are no longer berserk.
You are exhausted.
You feel yourself slow down.
You die...

### ######## ##########.#
######...##.#
.##.#.P#.#.##########P.#.P.##...#
...............>@.......P........
..P...........†..................
###P.....#.######......#.........
###.......######..........#####..
...#P....####..##.......###.SB###
.........# #...##.......#W....BB#
...#..>..###...##.......#...#.#FF
.####....'.....###......#...#.#y.
##.##....##...####.....##.#.....#


There were no monsters in sight!

Vanquished Creatures
  Fannar (Lair:2)
  Harold (Lair:2)
  4 boulder beetles
  2 hydras
  A catoblepas (Lair:1)
  Nergalle (Lair:2)
  Amaemon (Lair:3)
  A lindwurm (Lair:4)
  3 black mambas
  An elephant (Lair:4)
  Joseph (D:7)
  9 cane toads
  A torpor snail (Lair:2)
  An orange demon (Lair:3)
  7 komodo dragons
  2 rime drakes
  A meliai (Lair:2)
  A hornet (D:8)
  18 blink frogs
  Sigmund (D:2)
  3 wyverns
  40 yaks
  3 basilisks
  2 acid dragons (D:8)
  Edmund (D:6)
  16 water moccasins
  2 orc warriors
  An ice beast (D:7)
  A sky beast (D:8)
  2 black bears (D:5)
  A wolf (Lair:3)
  2 ogres
  2 phantoms (D:6)
  A kobold brigand (D:7)
  Blork the orc (D:6)
  12 bullfrogs
  A necrophage (D:5)
  2 scorpions (D:7)
  12 killer bees
  4 howler monkeys
  An electric eel (Lair:4)
  A jelly (D:4)
  6 hounds
  2 gnoll boudas
  3 orc priests
  2 iguanas
  5 orc wizards
  Natasha (thrice) (D:1)
  4 hell rats (Lair:3)
  8 adders
  15 gnolls
  A shadow imp (D:6)
  A white imp (D:4)
  2 dart slugs
  13 orcs
  7 ball pythons
  4 endoplasms
  3 giant cockroaches
  9 hobgoblins
  6 jackals (D:2)
  9 kobolds
  2 quokkas
  5 bats
  3 frilled lizards
  5 goblins
  7 rats
294 creatures vanquished.

Vanquished Creatures (collateral kills)
  3 wyverns (D:8)
  A water moccasin (D:8)
4 creatures vanquished.

Vanquished Creatures (others)
  15 fungi
  27 plants
42 creatures vanquished.

Grand Total: 340 creatures vanquished

Notes
Turn   | Place    | Note
-------+----------+-------------------------------------------
     0 | D:1      | raph the Minotaur Berserker began the quest for the Orb.
     0 | D:1      | Reached XP level 1. HP: 19/19 MP: 0/0
    23 | D:1      | Found a faded altar of an unknown god.
   290 | D:1      | Reached skill level 4 in Maces & Flails
   290 | D:1      | Reached XP level 2. HP: 27/27 MP: 1/1
   653 | D:1      | Reached XP level 3. HP: 33/33 MP: 2/2
  1077 | D:2      | Noticed Natasha
  1083 | D:1      | Killed Natasha
  1362 | D:1      | Noticed Natasha
  1370 | D:1      | Killed Natasha
  1371 | D:1      | Reached XP level 4. HP: 40/40 MP: 3/3
  1390 | D:1      | Noticed Natasha
  1400 | D:1      | Killed Natasha
  1401 | D:1      | Reached skill level 5 in Maces & Flails
  2265 | D:2      | Noticed Sigmund
  2287 | D:2      | Killed Sigmund
  2288 | D:2      | Reached XP level 5. HP: 47/47 MP: 4/4
  2288 | D:2      | Reached XP level 6. HP: 55/55 MP: 5/5
  2618 | D:3      | Reached ** piety under Trog
  2734 | D:3      | Found a runed translucent gate.
  2734 | D:3      | Found a runed translucent gate.
  2734 | D:3      | Found a runed translucent gate.
  2746 | D:3      | Noticed diceflayer's ghost (amateur DsFi)
  2746 | D:3      | Noticed MisterFreud's ghost (weakling GnDe)
  2990 | D:4      | Reached skill level 6 in Maces & Flails
  3124 | D:4      | Reached skill level 5 in Fighting
  3178 | D:4      | Found a white marble altar of Elyvilon.
  3546 | D:4      | Found a glowing silver altar of Zin.
  3549 | D:4      | Found a glowing golden altar of the Shining One.
  3974 | D:4      | Reached XP level 7. HP: 61/61 MP: 6/6
  4078 | D:5      | Entered Level 5 of the Dungeon
  4123 | D:5      | Found a blossoming altar of Fedhas.
  4142 | D:5      | Noticed an oklob plant
  4211 | D:5      | Reached skill level 7 in Maces & Flails
  4211 | D:5      | Reached skill level 1 in Shields
  4612 | D:5      | Reached skill level 5 in Armour
  5033 | D:5      | Reached XP level 8. HP: 47/70 MP: 7/7
  5533 | D:5      | Found a sparkling altar of Nemelex Xobeh.
  5890 | D:6      | Found a staircase to the Ecumenical Temple.
  5913 | D:6      | Found a bloodstained altar of Trog.
  5925 | D:6      | Reached skill level 8 in Maces & Flails
  6247 | D:6      | Found a shimmering blue altar of Sif Muna.
  6275 | D:6      | Noticed Blork the orc
  6281 | D:6      | Killed Blork the orc
  6282 | D:6      | Reached skill level 5 in Dodging
  6521 | D:6      | Noticed Edmund
  6537 | D:6      | Killed Edmund
  7245 | D:7      | Reached skill level 9 in Maces & Flails
  7265 | D:7      | Reached *** piety under Trog
  7352 | D:7      | Noticed Joseph
  7782 | D:7      | Killed Joseph
  7783 | D:7      | Reached XP level 9. HP: 79/79 MP: 8/8
  8374 | D:8      | Reached skill level 10 in Maces & Flails
  8446 | D:8      | Reached skill level 5 in Shields
  8676 | D:8      | Reached skill level 11 in Maces & Flails
  8676 | D:8      | Reached XP level 10. HP: 88/88 MP: 9/9
  9397 | D:8      | Found a staircase to the Lair.
  9826 | D:8      | Found a burning altar of Makhleb.
 10142 | Lair:1   | Entered Level 1 of the Lair of Beasts
 10323 | Lair:1   | Noticed a catoblepas
 10622 | D:8      | Reached skill level 12 in Maces & Flails
 10756 | Lair:1   | Killed a catoblepas
 11026 | Lair:1   | Noticed a cane toad
 11032 | Lair:1   | Killed a cane toad
 11327 | Lair:1   | Noticed a black mamba
 11334 | Lair:1   | Killed a black mamba
 11581 | Lair:1   | Reached XP level 11. HP: 97/97 MP: 10/10
 11939 | Lair:1   | Reached skill level 13 in Maces & Flails
 12438 | Lair:2   | Reached skill level 10 in Fighting
 12980 | Lair:2   | Reached **** piety under Trog
 12992 | Lair:2   | Reached skill level 14 in Maces & Flails
 12997 | Lair:2   | Reached skill level 10 in Armour
 13226 | Lair:2   | Noticed Fannar
 13287 | Lair:2   | Killed Fannar
 13365 | Lair:2   | Found the +7 Singing Sword {vorpal, sonic wave}
 13401 | Lair:2   | Noticed Nergalle
 13424 | Lair:2   | Reached XP level 12. HP: 107/107 MP: 11/11
 13434 | Lair:2   | Killed Nergalle
 13775 | Lair:2   | Found a hole to the Spider Nest.
 13983 | Lair:2   | Noticed Harold
 13993 | Lair:2   | Killed Harold
 14321 | Lair:3   | Found a staircase to the Swamp.
 14479 | Lair:3   | Noticed a boulder beetle
 14504 | Lair:3   | Killed a boulder beetle
 14505 | Lair:3   | Reached skill level 10 in Dodging
 14655 | Lair:3   | Noticed an eight-headed hydra
 14697 | Lair:3   | Killed an eight-headed hydra
 14865 | Lair:3   | Reached skill level 1 in Evocations
 14870 | Lair:3   | Reached skill level 10 in Shields
 14919 | Lair:3   | Noticed Amaemon
 14935 | Lair:3   | Killed Amaemon
 15129 | Lair:3   | You fall into a shaft and drop 2 floors!
 15129 | Lair:5   | Entered Level 5 of the Lair of Beasts
 15148 | Lair:5   | Found a staircase to the Slime Pits.
 15595 | Lair:4   | Found a transporter.
 15615 | Lair:3   | Noticed a boulder beetle
 15628 | Lair:3   | Killed a boulder beetle
 16210 | Lair:4   | Noticed a boulder beetle
 16221 | Lair:4   | Killed a boulder beetle
 16222 | Lair:4   | Reached XP level 13. HP: 87/118 MP: 12/12
 16523 | Lair:4   | Found a transporter.
 16527 | Lair:4   | Noticed Zaegoraum's ghost (journeyman DsAK)
 17322 | Lair:4   | HP: 6/178 [poisoned by a black mamba]
 17323 | Lair:4   | HP: 2/178 [poisoned by a black mamba]
 17324 | Lair:4   | Succumbed to a black mamba's poison

Illustrated notes

Levels and vault maps discovered:
D:1:      wander_arrival_desolate, layout_basic,
          ebering_ecumenical_altar_sacrificial, chequers_serial_rivers_room_a
D:2:      layout_basic, grunt_ministairs_10, skrybe_limestone_x, uniq_natasha,
          uniq_sigmund
D:3:      layout_rooms, gammafunk_ghost_cemetery
D:4:      layout_basic, mainiacjoe_overflow_six_doors_small,
          nicolae_overflow_squiral, minmay_liquid_box
D:5:      layout_loops_ring, kennysheep_mini, tgw_fedhas
D:6:      layout_loops_ring, nzn_overflow_gifts_of_might_and_magic,
          minmay_temple_entry_overgrown, kennysheep_generic_room_16,
          uniq_edmund, uniq_blork_the_orc
D:7:      layout_basic, hangedman_glass_teeth, uniq_joseph
D:8:      layout_basic, lightli_temple_of_fire, minmay_lair_entry_grove
Lair:1:   layout_concentric_octagons
Lair:2:   layout_gridlike, hellmonk_spider_entry_not_the_bees,
          cheibrodos_lair_reptile_den, infiniplex_staircase_pool_2, uniq_harold,
          uniq_nergalle, uniq_fannar
Lair:3:   layout_regular_city, swamp_mist, beast_lair_carwin_4, uniq_amaemon
Lair:4:   layout_regular_city, gammafunk_ghost_berserking_beasts,
          fungi_pond_lemuel, minivault_27, chequers_serial_rivers_room_a
Lair:5:   evil_forest, layout_long_grid, slime_entry_1

Skill      XL: |  1  2  3  4  5  6  7  8  9 10 11 12 13 |
---------------+----------------------------------------+-----
Maces & Flails | 4 5 6 7 9 11 12 14 | 14.0
Fighting       | 4 5 6 7 8 9 10 12 | 12.3
Armour         | 3 4 5 6 7 8 10 11 12 | 12.1
Dodging        | 3 4 5 6 8 9 10 11 | 11.0
Shields        | 2 4 5 7 8 10 11 | 11.0
Evocations     | 3 |  3.7

Action                   |  1- 3 |  4- 6 |  7- 9 | 10-12 | 13-15 || total
-------------------------+-------+-------+-------+-------+-------++-------
Melee: Mace              |    46 |    95 |    84 |       |       ||   225
       Headbutt          |     3 |    19 |    33 |   148 |    19 ||   222
       Flail             |       |       |   132 |   383 |       ||   515
       Demon whip        |       |       |       |   127 |    52 ||   179
 Fire: Sling             |       |       |       |    14 |       ||    14
Invok: Berserk           |     3 |     1 |    17 |    17 |     2 ||    40
       Trog's Hand       |       |       |     2 |     4 |       ||     6
Evoke: Wand              |       |       |       |     5 |       ||     5
  Use: Scroll            |     2 |    16 |     7 |     6 |       ||    31
       Potion            |       |       |       |     2 |       ||     2
Armor: Animal skin       |     2 |       |       |       |       ||     2
       Leather armour    |     8 |     5 |       |       |       ||    13
       Chain mail        |       |    14 |       |       |       ||    14
       Plate armour      |       |    24 |   121 |   154 |    21 ||   320
Dodge: Dodged            |    30 |    42 |    91 |   200 |    28 ||   391
Block: Buckler           |       |     9 |    58 |   195 |    29 ||   291
